 Dungeon Crawl Stone Soup version 0.28.0-53-g5a82cb258f (webtiles) character file.

Game seed: 7620752805965412663

224 Plasmagod the Ruffian (level 5, -1/40 HPs)
             Began as a Draconian Transmuter on July 9, 2022.
             Was an Initiate of Wu Jian.
             Frozen to death by an endoplasm (3 damage)
             ... on level 2 of the Dungeon.
             The game lasted 00:11:10 (1854 turns).

Plasmagod the Ruffian (Draconian Transmuter)        Turns: 1854, Time: 00:11:10

Health: -1/40      AC:  5    Str: 14    XL:     5   Next: 67%
Magic:  7/9        EV: 12    Int: 14    God:    Wu Jian [......]
Gold:   48         SH:  0    Dex: 11    Spells: 7/10 levels left

rFire   . . .      SeeInvis .     - Unarmed
rCold   . . .      Faith    .   (no shield)
rNeg    . . .      Spirit   .   (armour unavailable)
rPois   .          Reflect  .   (helmet restricted)
rElec   .          Harm     .   (no cloak)
rCorr   .          Rampage  .   (no gloves)
Will    .....                   (no boots)
Stlth   +.........              (no amulet)
HPRegen 0.13/turn               (no ring)
MPRegen 0.11/turn               (no ring)

@: no status effects
A: AC +5, unfitting armour, cold-blooded
a: Renounce Religion


You were on level 2 of the Dungeon.
You worshipped Wu Jian.
Wu Jian was noncommittal.
You visited 1 branch of the dungeon, and saw 2 of its levels.

You collected 48 gold pieces.

Inventory:

Jewellery
 a - a +6 ring of dexterity
Scrolls
 e - a scroll of amnesia {unknown}
 g - a scroll of magic mapping
Potions
 b - a potion of magic
 c - a potion of invisibility
 f - a potion of attraction


   Skills:
 + Level 1.4 Fighting
 + Level 2.8 Dodging
 + Level 1.0 Stealth
 + Level 4.5 Unarmed Combat
 + Level 3.1 Spellcasting
 + Level 2.7 Transmutations


You had 7 spell levels left.
You knew the following spells:

 Your Spells              Type           Power      Damage    Failure   Level
a - Beastly Appendage     Tmut           18%        N/A       7%          1
b - Wereblood             Tmut           9%         N/A       11%         2

Your spell library contained the following spells:

 Spells                   Type           Power      Damage    Failure   Level
 Spider Form              Tmut/Pois      6%         N/A       36%         3
 Ice Form                 Ice/Tmut       6%         N/A       77%         4


Dungeon Overview and Level Annotations

Branches:
Dungeon (2/15)

Altars:
Wu Jian

Shops:
D:1 [


Innate Abilities, Weirdness & Mutations

Your plain brown scales are hard. (AC +5)
You cannot fit into any form of body armour.
You are cold-blooded and may be slowed by cold attacks.


Message History

Sigmund is almost dead.
The endoplasm barely misses you. Sigmund misses you.
You barely miss Sigmund.
You tail-slap Sigmund, but do no damage.
Sigmund is almost dead.
The endoplasm freezes you.
You are frozen.
You barely miss Sigmund.
Your tail-slap misses Sigmund.
Sigmund is almost dead.
The endoplasm freezes you.
You are frozen.
Sigmund hits you with a +0 scythe!
* * * LOW HITPOINT WARNING * * *
You hit Sigmund but do no damage. Your punch misses Sigmund.
Sigmund is almost dead.
The endoplasm closely misses you.
You barely miss Sigmund.
Sigmund is almost dead.
Sigmund casts a spell at you. You resist with some effort.
The endoplasm freezes you.
You are frozen.
* * * LOW HITPOINT WARNING * * *
You feel yourself slow down.
Okay, then.
You hit Sigmund.
You kill Sigmund!
The Council accepts your kill. The endoplasm freezes you.
You are frozen.
* * * LOW HITPOINT WARNING * * *
The endoplasm barely misses you.
Your Stealth skill increases to level 1!
Your Spellcasting skill increases to level 3!
You have reached level 5!
The endoplasm hits you but does no damage.
You barely miss the endoplasm.
You feel yourself speed up. The endoplasm freezes you.
You are frozen.
You die...

. # #.... #...##.......
.. #. #... ##..##.....##
#.###... #..########
#....... #..# #......#
####.###### ##......#
#...>.....#
........#######.........#
#......).....#.........#
#........J@..#......####
....####.....[##.....#
... #......+.#.#### .
##.....#.#.# #.......#.#
#.)...###.# ####'##
#.##### #.# #.....# #.#
#####.#


You could see an endoplasm.

Vanquished Creatures
  Sigmund (D:2)
  2 gnolls (D:1)
  2 adders (D:2)
  A dart slug (D:1)
  4 endoplasms
  3 giant cockroaches
  6 goblins
  3 hobgoblins (D:1)
  2 quokkas
  4 bats
  4 kobolds
  5 rats
37 creatures vanquished.

Notes
Turn   | Place    | Note
-------+----------+-------------------------------------------
     0 | D:1      | Plasmagod the Draconian Transmuter began the quest for the
                  | Orb.
     0 | D:1      | Reached XP level 1. HP: 16/16 MP: 3/3
    69 | D:1      | Found Kaupujeu's Armour Shoppe.
   269 | D:1      | Reached XP level 2. HP: 13/23 MP: 5/5
   272 | D:1      | Learned a level 2 spell: Wereblood
   719 | D:1      | Reached XP level 3. HP: 15/28 MP: 2/6
  1303 | D:2      | Noticed Sigmund
  1476 | D:2      | Found an ornate altar of the Wu Jian Council.
  1501 | D:2      | Became a worshipper of the Wu Jian Council
  1653 | D:2      | Reached skill level 4 in Unarmed Combat
  1653 | D:2      | Reached XP level 4. HP: 23/35 MP: 7/7
  1851 | D:2      | Killed Sigmund
  1852 | D:2      | Reached skill level 1 in Stealth
  1852 | D:2      | Reached XP level 5. HP: 2/40 MP: 7/9
  1854 | D:2      | Frozen to death by an endoplasm

Illustrated notes

Levels and vault maps discovered:
D:1:      tarquinn_simple_flora_water_f, layout_loops_ring, serial_shops,
          nicolae_diamond_shop
D:2:      layout_basic, basic_altar, uniq_sigmund

Skill      XL: |  1  2  3  4 |
---------------+-------------+-----
Dodging        | 2 |  2.8
Unarmed Combat | 4 |  4.5
Stealth        | 1 |  1.0
Spellcasting   | 3 |  3.1
Fighting       | |  1.4
Transmutations | |  2.7

Action                   |  1- 3 |  4- 6 || total
-------------------------+-------+-------++-------
Melee: Unarmed           |   104 |    21 ||   125
       Tailslap          |    11 |     2 ||    13
       Kick              |     8 |     2 ||    10
       Headbutt          |     8 |     4 ||    12
       Punch             |     3 |       ||     3
 Cast: Beastly Appendage |    10 |     1 ||    11
       Wereblood         |     2 |       ||     2
Invok: Lunge             |     3 |     2 ||     5
  Use: Scroll            |     4 |       ||     4
       Potion            |     1 |       ||     1
 Stab: Sleeping          |     1 |     1 ||     2
Armor: Skin              |    26 |     7 ||    33
Dodge: Dodged            |    71 |    14 ||    85
